 Dungeon Crawl Stone Soup version 0.27.1 (webtiles) character file.

Game seed: 3530011764386375635

63 nxtlvl the Chopper (level 3, -1/46 HPs)
             Began as a Draconian Berserker on Aug 23, 2021.
             Was a Follower of Trog.
             Splashed by a jelly's acid (7 damage)
             ... on level 4 of the Dungeon.
             The game lasted 00:01:46 (194 turns).

nxtlvl the Chopper (Draconian Berserker)             Turns: 194, Time: 00:01:47

Health: -1/46      AC:  1    Str: 19    XL:     3   Next: 89%
Magic:  3/3        EV: 12    Int:  7    God:    Trog [*.....]
Gold:   25         SH:  0    Dex: 11    Spells: 2/2 levels left

rFire    . . .     SeeInvis .   a - +0 hand axe
rCold    . . .     Faith    .   (no shield)
rNeg     . . .     Spirit   .   (armour unavailable)
rPois    .         Reflect  .   (helmet restricted)
rElec    .         Harm     .   (no cloak)
rCorr    .         Rampage  .   (no gloves)
Will     .....                  (no boots)
Stlth    ..........             (no amulet)
HPRegen  0.15/turn              (no ring)
MPRegen  0.08/turn              (no ring)

@: berserking, corroded, very quick
A: AC +5, unfitting armour, cold-blooded
a: Renounce Religion, Berserk


You were on level 4 of the Dungeon.
You worshipped Trog.
Trog was aware of your devotion.
You visited 1 branch of the dungeon, and saw 5 of its levels.

You collected 25 gold pieces.

Inventory:

Hand Weapons
 a - a +0 hand axe (weapon)
Missiles
 c - 16 arrows
Scrolls
 b - a scroll of teleportation {unknown}
Potions
 d - a potion of degeneration {unknown}
 e - a potion of might {unknown}


   Skills:
 - Level 3.2 Fighting
 * Level 4.8 Axes
 - Level 2.6 Dodging


You had 2 spell levels left.
You didn't know any spells.
Your spell library was empty.

Dungeon Overview and Level Annotations

Branches:
Dungeon (5/15)
 Temple: D:4-7

Altars:


Innate Abilities, Weirdness & Mutations

Your plain brown scales are hard. (AC +5)
You cannot fit into any form of body armour.
You are cold-blooded and may be slowed by cold attacks.


Message History

You hit Natasha.
You kill Natasha!
Trog accepts your kill.
Trog appreciates your killing of a magic user.
Natasha yowls pathetically as she dies!
You see here the felid corpse of Natasha.
You see here a hound corpse.
There is a stone staircase leading down here.
You climb downwards.
The jelly quivers.
Found a scroll labelled HIZIRU REIPULO.
Found a stone staircase leading down.
There is a stone staircase leading up here.
The jelly hits you but does no damage.
You climb upwards.
There is a stone staircase leading down here.
Unknown command.
The jelly barely misses you.
You feel yourself speed up.
You see here a hound corpse.
Found a stone staircase leading down.
There is a stone staircase leading down here.
You recover from your berserk rage.
A red film seems to cover your vision as you go berserk!
You feel yourself moving faster!
You feel mighty! The jelly hits you.
You are splashed with acid!
You hit the jelly. The acid corrodes you!
Your hands burn!
The jelly is lightly wounded.
The jelly hits you.
You are splashed with acid!
You hit the jelly but do no damage. The acid corrodes you!
Your hands burn!
You tail-slap the jelly.
The jelly is moderately wounded.
The jelly hits you.
You are splashed with acid!
* * * LOW HITPOINT WARNING * * *
You hit the jelly.
Your hands burn!
* * * LOW HITPOINT WARNING * * *
The jelly is severely wounded.
The jelly hits you.
* * * LOW HITPOINT WARNING * * *
You are splashed with acid!
You die...

## #####.###
#....#<.# ########
#.†#.###......# .
#...........#>#
.....##†###.##.#J#
..#####.# #.##.#@#
........# #.##.#.#
..#.>...# #.##.#.#
..#.....# #......#
......[.# ####.###
###.....# .#
#...<.# #######


You could see a jelly.

Vanquished Creatures
  A hound (D:4)
  Natasha (D:4)
  2 orcs
  A hobgoblin (D:1)
  3 jackals (D:1)
  2 ball pythons (D:1)
10 creatures vanquished.

Notes
Turn   | Place    | Note
-------+----------+-------------------------------------------
     0 | D:1      | nxtlvl the Draconian Berserker began the quest for the Orb.
     0 | D:1      | Reached XP level 1. HP: 19/19 MP: 1/1
    95 | D:3      | Reached XP level 2. HP: 20/26 MP: 2/2
   149 | D:4      | Reached skill level 4 in Axes
   149 | D:4      | Reached XP level 3. HP: 31/31 MP: 3/3
   154 | D:3      | Noticed Natasha
   164 | D:4      | Killed Natasha
   173 | D:5      | Entered Level 5 of the Dungeon
   194 | D:4      | Splashed by a jelly's acid

Illustrated notes

Levels and vault maps discovered:
D:1:      minmay_arrival_plants_in_alcoves, layout_basic,
          shapermc_ecumenical_altar_petra
D:2:      layout_loops_ring, serial_shops, nicolae_shop_behind_doors
D:3:      layout_basic, uniq_natasha
D:4:      layout_loops_cross, chequers_temple_overflow_statue_of_worship,
          uniq_edmund, uniq_eustachio
D:5:      layout_gridville, serial_bayou_lake_a, uniq_grinder

Skill      XL: |  1  2 |
---------------+-------+-----
Axes           | 4 |  4.8
Fighting       | |  3.2
Dodging        | |  2.6

Action                   || total
-------------------------++-------
Melee: Hand axe          ||    30
       Tailslap          ||     3
Invok: Berserk           ||     3
Armor: Skin              ||     6
Dodge: Dodged            ||    20
